 Dungeon Crawl Stone Soup version 0.30-a0-824-g6c64550be9 (webtiles) character file.

Game seed: 17416060284663991432

2107 Zenkrye the Zephyrmancer (level 9, -10/52 HPs)
             Began as a Tengu Air Elementalist on Feb 27, 2023.
             Was an Initiate of Yredelemnul.
             Mangled by Joseph
             ... wielding a +0 quarterstaff
              (17 damage)
             ... on level 7 of the Dungeon.
             The game lasted 00:27:21 (7107 turns).

Zenkrye the Zephyrmancer (Tengu Air Elementalist)   Turns: 7107, Time: 00:27:21

Health: -10/52     AC:  4    Str: 10    XL:     9   Next: 28%
Magic:  11/17      EV: 14    Int: 19    God:    Yredelemnul [......]
Gold:   301        SH:  7    Dex: 14    Spells: 0/18 levels left

rFire   + . .      SeeInvis .    s - +0 rapier (flame)
rCold   . . .      Faith    +    e - +2 buckler
rNeg    . . .      Spirit   .    a - +0 robe
rPois   .          Reflect  .    (helmet restricted)
rElec   .          Harm     .    (no cloak)
rCorr   .          Rampage  .    h - +1 pair of gloves
Will    .....                    (boots unavailable)
Stlth   ++                       k - amulet of faith
HPRegen 0.28/turn                f - ring of protection from fire
MPRegen 0.15/turn                (no ring)

@: flying quickly and evasively, quick
A: beak, talons 3, nimble flight
a: Renounce Religion, Recall Undead Harvest


You were on level 7 of the Dungeon.
You worshipped Yredelemnul.
Yredelemnul was noncommittal.
You visited 1 branch of the dungeon, and saw 7 of its levels.

You collected 301 gold pieces.

Inventory:

Hand Weapons
 q - a +4 short sword
 s - a +0 rapier of flaming (weapon)
 u - a +1 heavy sling
Missiles
 d - 6 javelins
 p - 12 poisoned darts
Armour
 a - a +0 robe (worn)
 e - a +2 buckler (worn)
 h - a +1 pair of gloves (worn)
 m - a +0 ring mail
Jewellery
 f - a ring of protection from fire (left hand)
 k - an amulet of faith (around neck)
Wands
 o - a wand of light (7)
 r - a wand of flame (19)
Scrolls
 c - a scroll of poison
 g - 3 scrolls of teleportation {@r3}
 i - 3 scrolls of identify {@r1}
 l - a scroll of immolation
 t - a scroll of amnesia
Potions
 b - 2 potions of magic
 j - 4 potions of curing {@q1}
 n - a potion of lignification


   Skills:
 + Level 3.9 Fighting
 + Level 4.3 Short Blades
 - Level 2.1 Dodging
 - Level 2.0 Stealth
 + Level 3.2 Shields
 - Level 5.0 Spellcasting
 - Level 1.3 Conjurations
 + Level 2.9 Ice Magic
 + Level 9.2 Air Magic
 + Level 3.5 Invocations


You couldn't memorise any spells.
You knew the following spells:

 Your Spells              Type           Power      Damage    Failure   Level
a - Shock                 Conj/Air       96%        1d9       1%          1
b - Static Discharge      Conj/Air       48%        2-4/arc   2%          2
c - Airstrike             Air            19%        2d(3-19)  3%          4
d - Swiftness             Air            39%        N/A       1%          3
e - Freezing Cloud        Conj/Ice/Air   10%        6-21      56%         5
f - Kindle Blastsparks    Fire/Tloc/Air  32%        2d12      14%         3

Your spell library contained the following spells:

 Spells                   Type           Power      Damage    Failure   Level
 Ignite Poison            Fire/Tmut/Pois 4%         N/A       43%         3
 Malign Gateway           Summ/Tloc      2%         N/A       100%        7
 Summon Horrible Things   Summ           2%         N/A       100%        8


Dungeon Overview and Level Annotations

Branches:
Dungeon (7/15)
 Temple: D:4-7

Altars:
Dithmenos
Elyvilon
Kikubaaqudgha
Okawaru
Qazlal
Wu Jian
Yredelemnul
Zin

Annotations:
D:7 Joseph


Innate Abilities, Weirdness & Mutations

You have a beak for a mouth.
You have claws for feet.
Your magical nature lets you fly swiftly and evasively.


Message History

The helpless Joseph fails to defend himself.
You puncture Joseph! You burn Joseph. You claw Joseph!
Joseph is heavily wounded.
Joseph hits you with a +0 quarterstaff!
Cast which spell? (? or * to list) Joseph is struck by an arc of lightning.
Joseph is heavily wounded.
You are struck by an arc of lightning.
Joseph is struck by an arc of lightning.
Joseph is heavily wounded.
The lightning grounds out.
Joseph hits you with a +0 quarterstaff!!
Casting: Static Discharge (safe; 2% risk of failure)
Confirm with . or Enter, or press ? or * to list all spells.
Joseph is struck by an arc of lightning.
Joseph is heavily wounded.
You are struck by an arc of lightning.
Joseph is struck by an arc of lightning.
Joseph is severely wounded.
The lightning grounds out.
Joseph misses you.
Casting: Static Discharge (safe; 2% risk of failure)
Confirm with . or Enter, or press ? or * to list all spells.
Joseph is struck by an arc of lightning.
Joseph is severely wounded.
You are struck by an arc of lightning.
* * * LOW HITPOINT WARNING * * *
Joseph is struck by an arc of lightning.
Joseph is severely wounded.
The lightning grounds out.
Joseph says, "I'm here to kill trespassers.
I like my job."
Joseph hits you with a +0 quarterstaff!
* * * LOW HITPOINT WARNING * * *
Aiming: Bolt of Light
Press: ? - help, Shift-Dir - straight line, f - Joseph
Aim: Joseph, wielding a +0 quarterstaff and wearing a +0 leather armour (severely wounded, 71% to hit)
The bolt of light misses Joseph.
Joseph hits you with a +0 quarterstaff.
* * * LOW HITPOINT WARNING * * *
You feel better. Joseph hits you with a +0 quarterstaff!
You die...
Your body rises from the dead as a mindless zombie.

# # ##. .####
#..######....#
......#...../
#....(......
#.##.......#...
#.....@.....#
.......@....(..
...............
.#.............
#.#...........
# ##...[......
....
..#..........
#...
..............
#... ......


You could see Joseph.

Vanquished Creatures
  Duvessa (D:4)
  An ogre (D:5)
  2 black bears
  A centaur (D:6)
  A phantom (D:4)
  A bullfrog (D:6)
  A kobold brigand (D:6)
  A necrophage (D:5)
  A gnoll sergeant (D:6)
  4 scorpions
  4 wights (D:6)
  A jelly (D:6)
  A howler monkey (D:5)
  4 hounds
  3 orc priests (D:6)
  A gnoll bouda (D:6)
  6 orc wizards
  Robin (D:2)
  12 gnolls
  3 adders
  A shadow imp (D:6)
  A white imp (D:5)
  An orc zombie (D:6)
  A spectral shadow imp (D:6)
  3 worms
  3 dart slugs
  16 orcs
  6 ball pythons
  7 bats
  7 endoplasms
  2 giant cockroaches
  12 goblins
  10 hobgoblins
  8 jackals
  2 quokkas
  2 frilled lizards
  A gnoll zombie (D:6)
  13 kobolds
  7 rats
153 creatures vanquished.

Vanquished Creatures (collateral kills)
  A scorpion (D:4)
  Dowan (D:4)
  An adder (D:5)
  An orc zombie (D:6)
  3 orcs
  A giant cockroach (D:4)
  A goblin (D:2)
  2 jackals
  A kobold (D:6)
  A rat (D:1)
13 creatures vanquished.

Vanquished Creatures (others)
  A centaur zombie (D:6)
  A bullfrog zombie (D:6)
  A scorpion zombie (D:6)
  2 hound zombies
  A worm zombie (D:3)
  An adder zombie (D:5)
  A jelly zombie (D:6)
  10 orc zombies
  2 bat zombies
  An endoplasm zombie (D:2)
  4 gnoll zombies (D:6)
  A goblin zombie (D:4)
  A jackal zombie (D:5)
  2 kobold zombies (D:6)
29 creatures vanquished.

Grand Total: 195 creatures vanquished

Notes
Turn   | Place    | Note
-------+----------+-------------------------------------------
     0 | D:1      | Zenkrye the Tengu Air Elementalist began the quest for the
                  | Orb.
     0 | D:1      | Reached XP level 1. HP: 10/10 MP: 4/4
   165 | D:1      | Reached XP level 2. HP: 15/15 MP: 0/6
   176 | D:1      | Learned a level 2 spell: Static Discharge
   314 | D:1      | Reached skill level 5 in Air Magic
   406 | D:1      | Reached XP level 3. HP: 19/19 MP: 4/7
   531 | D:1      | Found a faded altar of an unknown god.
   572 | D:1      | Prayed at the altar of an unknown god.
   572 | D:1      | Became a worshipper of Yredelemnul the Dark
   572 | D:1      | Reached * piety under Yredelemnul
   771 | D:1      | Reached skill level 6 in Air Magic
  1230 | D:2      | Reached XP level 4. HP: 19/24 MP: 3/8
  1348 | D:2      | Noticed Robin
  1363 | D:2      | Reached skill level 7 in Air Magic
  1370 | D:2      | Killed Robin
  1387 | D:2      | Gained mutation: Your magical nature lets you fly swiftly
                  | and evasively. [Tengu growth]
  1387 | D:2      | Reached XP level 5. HP: 18/28 MP: 2/9
  1858 | D:2      | Learned a level 4 spell: Airstrike
  2319 | D:3      | Found a white marble altar of Elyvilon.
  2491 | D:3      | Reached ** piety under Yredelemnul
  2804 | D:4      | Reached skill level 8 in Air Magic
  2804 | D:4      | Reached XP level 6. HP: 31/32 MP: 4/11
  2932 | D:4      | Learned a level 3 spell: Swiftness
  3138 | D:4      | Reached XP level 7. HP: 22/36 MP: 13/15
  3378 | D:4      | Found an ornate altar of the Wu Jian Council.
  3497 | D:4      | Reached skill level 5 in Spellcasting
  3543 | D:4      | Noticed Duvessa
  3543 | D:4      | Noticed Dowan
  3555 | D:4      | Killed Duvessa
  3556 | D:4      | Reached skill level 1 in Fighting
  3556 | D:4      | Reached skill level 1 in Short Blades
  3556 | D:4      | Reached skill level 1 in Invocations
  3562 | D:4      | Killed Dowan
  3900 | D:5      | Entered Level 5 of the Dungeon
  4125 | D:5      | Found an iron altar of Okawaru.
  4126 | D:5      | Found a glowing silver altar of Zin.
  4342 | D:5      | Learned a level 5 spell: Freezing Cloud
  4477 | D:5      | Reached XP level 8. HP: 41/44 MP: 16/16
  4483 | D:5      | Reached skill level 1 in Ice Magic
  4539 | D:5      | Reached skill level 1 in Shields
  4975 | D:6      | Found a stormy altar of Qazlal.
  4975 | D:6      | Found a shadowy altar of Dithmenos.
  4975 | D:6      | Found an ancient bone altar of Kikubaaqudgha.
  5937 | D:6      | Reached skill level 9 in Air Magic
  5937 | D:6      | Reached XP level 9. HP: 51/51 MP: 17/17
  6173 | D:6      | Learned a level 3 spell: Kindle Blastsparks
  7079 | D:7      | Noticed a troll
  7101 | D:7      | Noticed Joseph
  7106 | D:7      | HP: 1/52 [Joseph/+0 quarterstaff (6)]
  7107 | D:7      | Mangled by Joseph

Illustrated notes

Levels and vault maps discovered:
D:1:      shiori_arrival_maze, layout_loops_ring,
          hellmonk_ecumenical_altar_dog_temple, minmay_misc_feat_encased,
          minmay_quantized
D:2:      layout_basic, uniq_robin
D:3:      layout_loops_corners, nicolae_overflow_crystal_walls
D:4:      layout_cave_pods, nicolae_wu_jian_glorious_leap,
          nicolae_ossuary_entry_plus, uniq_duvessa
D:5:      layout_basic, mainiacjoe_overflow_divided_tiny, minivault_23
D:6:      layout_gridville, grunt_temple_overflow_open
D:7:      layout_cave_pools, mainiacjoe_overflow_brackets,
          minmay_temple_entry_enclosed_plants, grunt_ministairs_11, uniq_joseph,
          uniq_menkaure, uniq_pikel

Skill      XL: |  1  2  3  4  5  6  7  8  9 |
---------------+----------------------------+-----
Air Magic      | 5 6 7 8 9 |  9.2
Spellcasting   | 3 4 5 |  5.0
Fighting       | 2 3 |  3.9
Short Blades   | 2 3 4 |  4.3
Invocations    | 2 3 |  3.5
Ice Magic      | 2 |  2.9
Shields        | 2 3 |  3.2
Dodging        | |  2.1
Stealth        | |  2.0
Conjurations   | |  1.3

Action                     |  1- 3 |  4- 6 |  7- 9 || total
---------------------------+-------+-------+-------++-------
  Melee: Dagger            |    35 |    91 |     2 ||   128
         Kick              |    12 |    22 |    47 ||    81
         Peck              |     3 |    15 |    35 ||    53
         Rapier            |       |       |   112 ||   112
         Short sword       |       |       |    22 ||    22
         Punch             |       |       |     1 ||     1
   Fire: Sling             |       |       |     7 ||     7
   Cast: Shock             |    37 |    26 |    18 ||    81
         Static Discharge  |       |     6 |    13 ||    19
         Airstrike         |       |       |    23 ||    23
         Swiftness         |       |       |     3 ||     3
         Kindle Blastspark |       |       |     7 ||     7
 Invoke: Recall Undead Har |     1 |     1 |     1 ||     3
  Evoke: Wand              |       |       |     5 ||     5
    Use: Scroll            |     5 |     5 |     3 ||    13
         Potion            |       |       |     1 ||     1
   Stab: Sleeping          |     3 |     5 |     4 ||    12
 Armour: Robe              |    15 |    10 |    31 ||    56
  Dodge: Dodged            |    32 |    70 |   104 ||   206
  Block: Buckler           |       |       |    28 ||    28

Table legend: (Time is in decaauts)
 A = Elapsed time spent in this place.
 B = Non-inter-level travel time spent in this place.
 C = Inter-level travel time spent in this place.
 D = Time resting spent in this place.
 E = Time spent auto-exploring this place.
 F = Levels seen in this place.
 G = Mean time per level.
                   A        B        C        D        E       F      G
               +--------+--------+--------+--------+--------+-----+--------+
         Total |   6776 |   6463 |    313 |    705 |   4398 |   7 |  968.0 |
       Dungeon |   6776 |   6463 |    313 |    705 |   4398 |   7 |  968.0 |
               +--------+--------+--------+--------+--------+-----+--------+

Top non-repeatable levels by time:
     D:5: 1512 daAuts
     D:6: 1472 daAuts
     D:1: 1110 daAuts
     D:4: 1095 daAuts
     D:3: 857 daAuts
     D:2: 717 daAuts
     D:7: 11 daAuts
